 Dungeon Crawl Stone Soup version 0.28-a0-657-g71136c5590 (webtiles) character file.

Game seed: 3298412713018327522

25709 rogsnak the Thaumaturge (level 11, -22/86 HPs)
             Began as a Gnoll Hedge Wizard on Oct 13, 2021.
             Was a High Priest of Ru.
             Killed from afar by Jorgrun (36 damage)
             ... with an iron shot
             ... on level 14 of the Dungeon on Oct 14, 2021.
             The game lasted 00:43:08 (15084 turns).

rogsnak the Thaumaturge (Gnoll Hedge Wizard)       Turns: 15084, Time: 00:43:10

Health: -22/86     AC:  8    Str:  8    XL:     11   Next: 21%
Magic:  25/25      EV: 14    Int: 20    God:    Ru [*****.]
Gold:   850        SH:  0    Dex: 19    Spells: 18/31 levels left

rFire   x . .      SeeInvis .   s - +10 quarterstaff of Sulphur {vorpal, Int+4 Dex+3}
rCold   x . .      Faith    .   (shield currently unavailable)
rNeg    . . .      Spirit   .   W - +1 troll leather armour
rPois   .          Reflect  .   J - +1 helmet
rElec   .          Harm     .   (no cloak)
rCorr   +          Rampage  .   (no gloves)
Will    .....                   (no boots)
Stlth   ++++......              A - amulet of magic regeneration
HPRegen 1.24/turn               T - ring of resist corrosion
MPRegen 0.44/turn               L - ring "Peorgh" {Fly Dex+4}

@: grasped by roots, flying, constricted, unable to read
A: fangs 1, weak 1, inability to read while threatened, inexperienced 1,
temperature sensitive, strong nose, distributed training
a: Renounce Religion, Draw Out Power, Power Leap, Apocalypse


You were on level 14 of the Dungeon.
You worshipped Ru.
Ru was extremely pleased with you.
You visited 2 branches of the dungeon, and saw 15 of its levels.

You collected 850 gold pieces.

Inventory:

Hand Weapons
 a - a +2 dagger of venom
 f - a +2 whip of electrocution
 s - the +10 quarterstaff of Sulphur (weapon) {vorpal, Int+4 Dex+3}
   (You found it on level 4 of the Dungeon)

   It inflicts extra damage upon your enemies.
   Int:       It affects your intelligence (+4).
   Dex:       It affects your dexterity (+3).
 M - a +3 morningstar of freezing
 R - a +5 great sword of flaming
Missiles
 g - 6 silver javelins
 l - 344 arrows
 o - 106 bolts
 t - 5 boomerangs of dispersal
 y - 84 poisoned darts
 z - 3 curare-tipped darts
 E - a throwing net
 I - 6 atropa-tipped darts
Armour
 B - the +3 salamander hide armour {Flames rF++ rC--}
   (You took it off an orc priest on level 11 of the Dungeon)

   It surrounds you with a cloud of flames.
   It grants immunity to clouds of flame.
   It enhances your fire magic.
   rF:        It greatly protects you from fire.
   rC:        It makes you very vulnerable to cold.
 G - a +2 ring mail of fire resistance
 J - a +1 helmet (worn)
 S - a +1 robe of willpower
 W - a +1 troll leather armour (worn)
 X - the +1 robe "Kayrhuiz" {rF- rC++ Dex+4}
   (You found it on level 9 of the Dungeon)

   Dex:       It affects your dexterity (+4).
   rF:        It makes you vulnerable to fire.
   rC:        It greatly protects you from cold.
Jewellery
 q - a ring of fire
 A - an amulet of magic regeneration (around neck)
 L - the ring "Peorgh" (right hand) {Fly Dex+4}
   (You found it on level 12 of the Dungeon)

   [ring of flight]

   Dex:       It affects your dexterity (+4).
   Fly:       It grants you flight.
 T - a ring of resist corrosion (left hand)
Wands
 b - a wand of digging (11)
 e - a wand of paralysis (9)
 P - a wand of iceblast (8)
 Q - a wand of polymorph (13)
 Y - a wand of acid (7)
Scrolls
 h - 7 scrolls of teleportation
 j - 4 scrolls of fear {unknown}
 k - 2 scrolls of immolation {unknown}
 m - a scroll of noise {unknown}
 p - 3 scrolls of magic mapping {unknown}
 F - a scroll of summoning {unknown}
 H - a scroll of vulnerability {unknown}
 K - 2 scrolls of amnesia {unknown}
 N - 3 scrolls of blinking {unknown}
 U - a scroll of brand weapon
 V - 3 scrolls of enchant weapon {unknown}
Potions
 c - 2 potions of ambrosia
 d - a potion of brilliance
 i - 6 potions of curing
 n - 3 potions of cancellation {unknown}
 r - 2 potions of haste
 u - a potion of mutation
 v - 4 potions of heal wounds {unknown}
 w - a potion of magic
 x - 2 potions of lignification {unknown}
 C - 2 potions of flight {unknown}
 D - a potion of invisibility
 O - 2 potions of might
Miscellaneous
 Z - a box of beasts


   Skills:
 + Level 8.1 Fighting
 + Level 8.1 Short Blades
 + Level 8.1 Long Blades
 + Level 8.1 Axes
 + Level 8.1 Maces & Flails
 + Level 8.1 Polearms
 + Level 8.1 Staves
 + Level 8.1 Slings
 + Level 8.1 Bows
 + Level 8.1 Crossbows
 + Level 8.1 Throwing
 + Level 8.1 Armour
 + Level 9.3 Dodging
 + Level 9.2 Stealth
 + Level 8.1 Shields
 + Level 8.1 Unarmed Combat
 + Level 10.8 Spellcasting
 + Level 7.1 Conjurations
 + Level 6.7 Hexes
 + Level 7.1 Summonings
 + Level 6.7 Necromancy
 + Level 7.1 Translocations
 + Level 6.7 Transmutations
 + Level 6.7 Fire Magic
 + Level 6.7 Ice Magic
 + Level 6.7 Air Magic
 + Level 6.7 Earth Magic
 + Level 6.7 Poison Magic
 + Level 8.8 Invocations
 + Level 8.1 Evocations


You had 18 spell levels left.
You knew the following spells:

 Your Spells              Type           Power      Damage    Failure   Level
a - Magic Dart            Conj           100%       1d8       1%          1
b - Blink                 Tloc           N/A        N/A       1%          2
c - Mephitic Cloud        Conj/Pois/Air  38%        N/A       1%          3
d - Stone Arrow           Conj/Erth      76%        3d11      1%          3
e - Summon Ice Beast      Ice/Summ       38%        N/A       4%          4

Your spell library contained the following spells:

 Spells                   Type           Power      Damage    Failure   Level
 Call Imp                 Summ           39%        N/A       1%          2
 Corpse Rot               Necr/Air       N/A        N/A       1%          2
 Ensorcelled Hibernation  Hex/Ice        74%        N/A       1%          2
 Poisonous Vapours        Pois/Air       74%        N/A       1%          2
 Slow                     Hex            37%        N/A       1%          2
 Conjure Flame            Conj/Fire      38%        6-21      1%          3
 Tukima's Dance           Hex            37%        N/A       1%          3
 Animate Armour           Summ/Erth      76%        N/A       4%          4
 Iskenderun's Battlesphe  Conj           39%        2d9       12%         5
 Summon Mana Viper        Hex/Summ       38%        N/A       14%         5
 Iron Shot                Conj/Erth      19%        9d4       58%         6
 Monstrous Menagerie      Summ           19%        N/A       98%         7
 Spellforged Servitor     Conj/Summ      19%        N/A       98%         7
 Lehudib's Crystal Spear  Conj/Erth      19%        10d6      100%        8


Dungeon Overview and Level Annotations

Branches:
Dungeon (14/15)            Temple (1/1) D:4            Lair (0/6) D:11
    Orc (0/2) D:12
 Vaults: D:13-14

Altars:
Ashenzari
Cheibriados
Dithmenos
Elyvilon
Fedhas
Gozag
Hepliaklqana
Kikubaaqudgha
Makhleb
Nemelex Xobeh
Okawaru
Qazlal
Ru
Sif Muna
Trog
Uskayaw
Vehumet
Wu Jian
Xom
Yredelemnul
Zin
The Shining One

Shops:
D:2 [   D:3 *   D:5 :   D:11 [

Annotations:
D:4 1 runed translucent door, HilariousDeathArtist's ghost, amateur TeEn
D:12 3 runed translucent doors, AlleluiaPinecone's ghost, journeyman VSBr; heikuro's ghost, journeyman MiFi; jackcabral90's ghost, journeyman TrMo
D:14 Jorgrun


Innate Abilities, Weirdness & Mutations

You have very sharp teeth.
You are weak. (Str -2)
You sometimes lose the ability to read scrolls when taking damage.
You are somewhat inexperienced. (-2 XL)
You are sensitive to extremes of temperature. (rF-, rC-)
Your uncanny sense of smell can sniff out nearby items.
Your experience applies equally to all skills.


Message History

Press: ? - help, Shift-Dir - straight line, f/p - Jorgrun
Aim: Jorgrun, wielding a +0 vorpal quarterstaff and wearing a +1 robe of fire resistance (moderately wounded, unusually resistant, will become an emperor scorpion, an entropy weaver, or a sphinx, chance to affect: 2%)
Okay, then.
Aiming: Paralyse
Press: ? - help, Shift-Dir - straight line, f/p - Jorgrun
Aim: Jorgrun, wielding a +0 vorpal quarterstaff and wearing a +1 robe of fire resistance (moderately wounded, unusually resistant, chance to affect: 2%)
Okay, then.
Aiming: Corrosive Bolt
Press: ? - help, Shift-Dir - straight line, f/p - Jorgrun
Aim: Jorgrun, wielding a +0 vorpal quarterstaff and wearing a +1 robe of fire resistance (moderately wounded, unusually resistant, 57% to hit)
The bolt of acid hits Jorgrun!
Jorgrun is heavily wounded.
Jorgrun begins to cast a spell, but is stunned by your conviction!
Unknown command.
Aiming: Corrosive Bolt
Press: ? - help, Shift-Dir - straight line, f/p - Jorgrun
Aim: Jorgrun, wielding a +0 vorpal quarterstaff and wearing a +1 robe of fire resistance (heavily wounded, unusually resistant, 57% to hit)
The bolt of acid hits Jorgrun!
Jorgrun is heavily wounded.
Jorgrun gestures at you while chanting.
Roots burst forth from the earth!
The grasping roots grab you! The grasping roots constrict you!!
Unknown command.
You escape the roots' grasp.
Jorgrun hits you with a +0 vorpal quarterstaff.
* * * LOW HITPOINT WARNING * * *
x2 Unknown command.
Jorgrun gestures at you while chanting.
Roots burst forth from the earth!
The grasping roots grab you! The grasping roots constrict you.
* * * LOW HITPOINT WARNING * * *
The roots' grasp on you weakens, but your attempt to escape fails.
The grasping roots constrict you!
* * * LOW HITPOINT WARNING * * *
You focus your inner power and blind Jorgrun in retribution!
Jorgrun gestures at you while chanting. The iron shot hits you!!!
You die...

########## ...####
+........# .......
#........# ........
∆#........#
.....####........#
.<..#...........#
#..#....<......+
#..#@..........# .
#..g##'#########∆
... #.............
...?.#.............
...................
####
.....#.#####.#####.
...#####'##.#.# .#
..............# .#
...........>..# .#


You could see Jorgrun (resistant, blind).

Vanquished Creatures
  Josephine (D:10)
  2 boulder beetles (D:12)
  A hydra (D:12)
  A centaur warrior (D:13)
  6 two-headed ogres
  3 skeletal warriors
  Pikel (D:6)
  2 cyclopes
  A gargoyle (D:12)
  Psyche (D:10)
  A kobold demonologist (D:13)
  3 komodo dragons
  2 unseen horrors (D:12)
  5 trolls
  A hornet (D:8)
  7 slime creatures
  Grinder (D:4)
  A shadow (D:12)
  A wyvern (D:9)
  6 wraiths
  A steam dragon (D:8)
  4 vampire mosquitoes
  3 water moccasins
  An orc warrior (D:9)
  3 ice beasts
  3 sky beasts
  5 black bears
  A hornet zombie (D:7)
  2 necrophages
  3 ogres
  7 centaurs
  3 kobold brigands
  4 bullfrogs
  3 scorpions
  A water moccasin zombie (D:6)
  8 wights
  A nameless horror (D:11)
  3 howler monkeys (D:10)
  4 centaur zombies
  A bullfrog zombie (D:5)
  6 orc priests
  A bullfrog skeleton (D:6)
  A hound (D:6)
  A jelly (D:8)
  A centaur skeleton (D:7)
  3 iron imps (D:8)
  Jessica (D:3)
  5 iguanas
  A scorpion zombie (D:5)
  9 orc wizards
  A howler monkey zombie (D:9)
  A howler monkey skeleton (D:4)
  7 adders
  A shadow imp (D:7)
  A white imp (D:6)
  2 ufetubi
  An adder skeleton (D:4)
  5 dart slugs
  23 orcs
  5 ball pythons
  3 bats
  8 endoplasms
  5 giant cockroaches
  5 goblins
  7 hobgoblins
  3 jackals (D:2)
  3 quokkas
  3 frilled lizards
  29 kobolds
  6 rats
256 creatures vanquished.

Vanquished Creatures (collateral kills)
  A boulder beetle (D:11)
  A hydra (D:11)
  An ogre mage (D:13)
  A two-headed ogre (D:12)
  A skeletal warrior (D:12)
  4 slime creatures
  A vampire mosquito (D:12)
10 creatures vanquished.

Vanquished Creatures (others)
  A centaur warrior (D:13)
  A yak (D:11)
  43 fungi (D:11)
  109 plants
154 creatures vanquished.

Grand Total: 420 creatures vanquished

Notes
Turn   | Place    | Note
-------+----------+-------------------------------------------
     0 | D:1      | rogsnak the Gnoll Hedge Wizard began the quest for the Orb.
     0 | D:1      | Reached XP level 1. HP: 13/13 MP: 8/8
   167 | D:1      | Reached XP level 2. HP: 19/19 MP: 3/10
   820 | D:1      | Reached XP level 3. HP: 25/25 MP: 5/11
  1075 | D:1      | Found a faded altar of an unknown god.
  1336 | D:2      | Found Quppof's Armour Shoppe.
  1421 | D:2      | Reached skill level 1 in Invocations
  1610 | D:2      | Reached skill level 1 in Fighting
  1610 | D:2      | Reached skill level 1 in Short Blades
  1610 | D:2      | Reached skill level 1 in Long Blades
  1610 | D:2      | Reached skill level 1 in Axes
  1610 | D:2      | Reached skill level 1 in Maces & Flails
  1610 | D:2      | Reached skill level 1 in Polearms
  1610 | D:2      | Reached skill level 1 in Staves
  1610 | D:2      | Reached skill level 1 in Slings
  1610 | D:2      | Reached skill level 1 in Bows
  1610 | D:2      | Reached skill level 1 in Crossbows
  1610 | D:2      | Reached skill level 1 in Throwing
  1610 | D:2      | Reached skill level 1 in Armour
  1610 | D:2      | Reached skill level 1 in Shields
  1610 | D:2      | Reached skill level 1 in Unarmed Combat
  1610 | D:2      | Reached skill level 1 in Evocations
  1816 | D:2      | Reached XP level 4. HP: 29/32 MP: 11/13
  1823 | D:2      | Learned a level 2 spell: Blink
  1827 | D:2      | Learned a level 3 spell: Mephitic Cloud
  2442 | D:3      | Reached skill level 1 in Hexes
  2442 | D:3      | Reached skill level 1 in Necromancy
  2442 | D:3      | Reached skill level 1 in Transmutations
  2442 | D:3      | Reached skill level 1 in Fire Magic
  2442 | D:3      | Reached skill level 1 in Ice Magic
  2442 | D:3      | Reached skill level 1 in Air Magic
  2442 | D:3      | Reached skill level 1 in Earth Magic
  2442 | D:3      | Reached skill level 1 in Poison Magic
  2674 | D:3      | Noticed Jessica
  2697 | D:3      | Killed Jessica
  2698 | D:3      | Reached XP level 5. HP: 33/37 MP: 12/14
  2742 | D:3      | Found Neonac's General Store.
  3146 | D:4      | Found a staircase to the Ecumenical Temple.
  3150 | D:4      | Identified the +10 quarterstaff of Sulphur {vorpal, Int+4
                  | Dex+3}
  3172 | Temple   | Entered the Ecumenical Temple
  3290 | Temple   | Became a worshipper of Ru the Awakened
  3559 | D:4      | Found a runed translucent door.
  3570 | D:4      | Noticed HilariousDeathArtist's ghost (amateur TeEn)
  3866 | D:4      | Noticed Grinder
  4141 | D:4      | Noticed a kobold brigand
  4154 | D:4      | Killed Grinder
  4155 | D:4      | Reached skill level 5 in Dodging
  4155 | D:4      | Reached XP level 6. HP: 37/44 MP: 9/16
  4588 | D:4      | Reached XP level 7. HP: 48/50 MP: 18/18
  4909 | D:5      | Entered Level 5 of the Dungeon
  4979 | D:5      | Gained mutation: You are weak. (Str -2) [Ru sacrifice]
  5170 | D:5      | Found Genic's Book Shop.
  5222 | D:5      | Reached skill level 5 in Stealth
  5268 | D:5      | Reached XP level 8. HP: 39/57 MP: 13/19
  5688 | D:5      | Found a glowing golden altar of the Shining One.
  5848 | D:6      | Learned a level 3 spell: Stone Arrow
  5866 | D:6      | Noticed Pikel
  5880 | D:6      | Killed Pikel
  5881 | D:6      | Reached skill level 8 in Spellcasting
  6417 | D:6      | Reached XP level 9. HP: 65/65 MP: 21/21
  6529 | D:6      | Found an opulent altar of Gozag.
  6536 | D:6      | Found a shimmering blue altar of Sif Muna.
  7486 | D:7      | Reached skill level 5 in Invocations
  8040 | D:7      | Reached XP level 10. HP: 63/73 MP: 14/22
  8314 | D:8      | Gained mutation: You sometimes lose the ability to read
                  | scrolls when taking damage. [Ru sacrifice]
  8314 | D:8      | Reached * piety under Ru
  8328 | D:8      | Reached skill level 5 in Fighting
  8328 | D:8      | Reached skill level 5 in Short Blades
  8328 | D:8      | Reached skill level 5 in Long Blades
  8328 | D:8      | Reached skill level 5 in Axes
  8328 | D:8      | Reached skill level 5 in Maces & Flails
  8328 | D:8      | Reached skill level 5 in Polearms
  8328 | D:8      | Reached skill level 5 in Staves
  8328 | D:8      | Reached skill level 5 in Slings
  8328 | D:8      | Reached skill level 5 in Bows
  8328 | D:8      | Reached skill level 5 in Crossbows
  8328 | D:8      | Reached skill level 5 in Throwing
  8328 | D:8      | Reached skill level 5 in Armour
  8328 | D:8      | Reached skill level 5 in Shields
  8328 | D:8      | Reached skill level 5 in Unarmed Combat
  8328 | D:8      | Reached skill level 5 in Evocations
  8525 | D:8      | Found a burning altar of Makhleb.
  8621 | D:8      | Learned a level 4 spell: Summon Ice Beast
  9772 | D:9      | Reached skill level 9 in Spellcasting
  9893 | D:9      | Identified the +1 robe "Kayrhuiz" {rF- rC++ Dex+4}
 10023 | D:9      | Reached skill level 5 in Conjurations
 10023 | D:9      | Reached skill level 5 in Summonings
 10023 | D:9      | Reached skill level 5 in Translocations
 10428 | D:10     | Entered Level 10 of the Dungeon
 10616 | D:10     | Noticed Josephine
 10769 | D:10     | Killed Josephine
 10770 | D:10     | Reached XP level 11. HP: 52/81 MP: 20/24
 10883 | D:10     | Noticed Psyche
 10899 | D:10     | Killed Psyche
 10943 | D:10     | Noticed a two-headed ogre
 10951 | D:10     | Killed a two-headed ogre
 10952 | D:10     | Reached skill level 5 in Hexes
 10952 | D:10     | Reached skill level 5 in Necromancy
 10952 | D:10     | Reached skill level 5 in Transmutations
 10952 | D:10     | Reached skill level 5 in Fire Magic
 10952 | D:10     | Reached skill level 5 in Ice Magic
 10952 | D:10     | Reached skill level 5 in Air Magic
 10952 | D:10     | Reached skill level 5 in Earth Magic
 10952 | D:10     | Reached skill level 5 in Poison Magic
 11086 | D:10     | Gained mutation: You are somewhat inexperienced. (-2 XL)
                  | [Ru sacrifice]
 11086 | D:10     | Reached XP level 10. HP: 76/76 MP: 23/23
 11086 | D:10     | Reached XP level 9. HP: 69/69 MP: 22/22
 11086 | D:10     | Reached ** piety under Ru
 11086 | D:10     | Reached *** piety under Ru
 11251 | D:11     | Found a staircase to the Lair.
 11352 | D:11     | Found a glowing silver altar of Zin.
 11361 | D:11     | Noticed an eight-headed hydra
 11370 | D:11     | Killed an eight-headed hydra
 11462 | D:11     | Found Pimial's Antique Armour Shop.
 11788 | D:11     | Noticed a boulder beetle
 12058 | D:11     | Killed a boulder beetle
 12354 | D:12     | Noticed a two-headed ogre
 12357 | D:12     | Noticed a boulder beetle
 12359 | D:12     | Noticed a cyclops
 12360 | D:12     | Killed a two-headed ogre
 12361 | D:12     | Reached skill level 10 in Spellcasting
 12361 | D:12     | Reached XP level 10. HP: 70/77 MP: 4/24
 12432 | D:12     | Noticed a boulder beetle
 12633 | D:12     | Identified the ring "Peorgh" {Fly Dex+4}
 12668 | D:12     | Noticed a five-headed hydra
 12676 | D:12     | Killed a five-headed hydra
 12991 | D:12     | Killed a boulder beetle
 13034 | D:12     | Killed a boulder beetle
 13066 | D:12     | Found a runed translucent gate.
 13068 | D:12     | Found a runed translucent gate.
 13069 | D:12     | Found a runed translucent gate.
 13071 | D:12     | Noticed heikuro's ghost (journeyman MiFi)
 13072 | D:12     | Noticed AlleluiaPinecone's ghost (journeyman VSBr)
 13072 | D:12     | Noticed jackcabral90's ghost (journeyman TrMo)
 13414 | D:12     | Found a staircase to the Orcish Mines.
 14121 | D:13     | Noticed a centaur warrior
 14190 | D:13     | Noticed a centaur warrior
 14206 | D:13     | Killed a centaur warrior
 14210 | D:13     | Noticed an ogre mage
 14240 | D:13     | Noticed a two-headed ogre
 14241 | D:13     | Noticed a two-headed ogre
 14241 | D:13     | Noticed a two-headed ogre
 14241 | D:13     | Noticed a two-headed ogre
 14242 | D:13     | Killed an ogre mage
 14243 | D:13     | Noticed a two-headed ogre
 14285 | D:13     | Killed a centaur warrior
 14349 | D:13     | Reached XP level 11. HP: 86/86 MP: 11/25
 14819 | D:13     | Identified the +3 leather armour of Vuzol {Will+ Str+3
                  | Dex-3}
 14980 | D:13     | Gained mutation: You are sensitive to extremes of
                  | temperature. (rF-, rC-) [Ru sacrifice]
 14980 | D:13     | Reached **** piety under Ru
 14980 | D:13     | Reached ***** piety under Ru
 14993 | D:14     | Noticed Jorgrun
 15084 | D:14     | Killed from afar by Jorgrun

Illustrated notes

Levels and vault maps discovered:
D:1:      wander_arrival_lonely_grave, layout_basic,
          shapermc_ecumenical_altar_mp_vishouse, skrybe_limestone_x,
          fountainhead, minmay_tall_x
D:2:      layout_loops_ring, serial_shops, shop
D:3:      layout_basic, serial_shops, nicolae_shop_behind_doors, uniq_jessica
D:4:      kennysheep_kobold_camp, layout_basic, minmay_temple_entry_sparse_star,
          serial_forest, infiniplex_forest_clump_cross,
          infiniplex_forest_clump_double, infiniplex_forest_end_2,
          infiniplex_forest_zigzag_1, infiniplex_forest_side_room,
          infiniplex_forest_zigzag_1, infiniplex_forest_clump_small,
          infiniplex_forest_straight_2, infiniplex_forest_lined_corner,
          infiniplex_forest_zigzag_2, ebering_ghost_sewer_d, uniq_grinder
D:5:      layout_loops_ring, mainiacjoe_overflow_chevrons, serial_shops,
          nicolae_shop_window_shopping
D:6:      layout_loops_ring, amethyst_overflow_temple_binary, grunt_potential,
          uniq_pikel
D:7:      layout_cave_pools, st_stairs_2
D:8:      layout_basic, demons_altar
D:9:      layout_stronghold
D:10:     layout_gridville, uniq_josephine, uniq_psyche
D:11:     layout_irregular_city, due_lair_maze_entry_diamond, serial_shops,
          nicolae_shop_stone, zin_academy
D:12:     layout_long_grid, orc_0_dummy, gammafunk_ghost_cemetery
D:13:     layout_cave_pools, minmay_misc_feat_plants
D:14:     layout_irregular_city, david_vaults_4,
          hangedman_abyss_or_decor_lesser_grid, kiku_gazebo_garden_becter,
          uniq_jorgrun
Temple:   dpeg_five_rooms_temple

Skill      XL: |  1  2  3  4  5  6  7  8  9 10 11 |
---------------+----------------------------------+-----
Conjurations   | 2 3 6 5 7 |  7.1
Summonings     | 2 3 6 5 7 |  7.1
Translocations | 2 3 6 5 7 |  7.1
Invocations    | 1 2 3 4 7 8 |  8.8
Fighting       | 1 2 3 4 7 8 |  8.1
Short Blades   | 1 2 3 4 7 8 |  8.1
Long Blades    | 1 2 3 4 7 8 |  8.1
Axes           | 1 2 3 4 7 8 |  8.1
Maces & Flails | 1 2 3 4 7 8 |  8.1
Polearms       | 1 2 3 4 7 8 |  8.1
Staves         | 1 2 3 4 7 8 |  8.1
Slings         | 1 2 3 4 7 8 |  8.1
Bows           | 1 2 3 4 7 8 |  8.1
Crossbows      | 1 2 3 4 7 8 |  8.1
Throwing       | 1 2 3 4 7 8 |  8.1
Armour         | 1 2 3 4 7 8 |  8.1
Shields        | 1 2 3 4 7 8 |  8.1
Unarmed Combat | 1 2 3 4 7 8 |  8.1
Evocations     | 1 2 3 4 7 8 |  8.1
Hexes          | 1 2 3 4 6 5 |  6.7
Necromancy     | 1 2 3 4 6 5 |  6.7
Transmutations | 1 2 3 4 6 5 |  6.7
Fire Magic     | 1 2 3 4 6 5 |  6.7
Ice Magic      | 1 2 3 4 6 5 |  6.7
Air Magic      | 1 2 3 4 6 5 |  6.7
Earth Magic    | 1 2 3 4 6 5 |  6.7
Poison Magic   | 1 2 3 4 6 5 |  6.7
Dodging        | 5 6 8 9 |  9.3
Stealth        | 5 8 7 9 |  9.2
Spellcasting   | 8 10 9 | 10.8

Action                   |  1- 3 |  4- 6 |  7- 9 | 10-12 || total
-------------------------+-------+-------+-------+-------++-------
Melee: Whip              |    39 |    43 |       |       ||    82
       Bite              |       |     1 |    19 |    20 ||    40
       Quarterstaff      |       |    27 |   213 |   163 ||   403
       Dagger            |       |       |       |    11 ||    11
       Unarmed           |       |       |       |    11 ||    11
 Cast: Magic Dart        |    76 |    92 |    45 |    24 ||   237
       Mephitic Cloud    |       |     3 |    20 |    42 ||    65
       Stone Arrow       |       |       |    64 |   156 ||   220
       Summon Ice Beast  |       |       |    10 |    19 ||    29
       Blink             |       |       |     1 |       ||     1
Invok: Sacrifice Purity  |       |       |     1 |       ||     1
       Sacrifice Experie |       |       |     1 |       ||     1
       Sacrifice Words   |       |       |       |     1 ||     1
       Sacrifice Resista |       |       |       |     1 ||     1
Evoke: Wand              |       |       |       |     3 ||     3
  Use: Scroll            |       |       |       |    11 ||    11
 Stab: Sleeping          |     1 |     4 |     7 |     2 ||    14
       Confused          |       |       |     4 |    14 ||    18
       Distracted        |       |       |       |     1 ||     1
       Invisible         |       |       |       |     2 ||     2
Armor: Robe              |     7 |     8 |     3 |       ||    18
       Ring mail         |       |       |    47 |    14 ||    61
       Troll leather arm |       |       |    21 |    29 ||    50
Dodge: Dodged            |    30 |    52 |   130 |   122 ||   334

Table legend: (Time is in decaauts)
 A = Elapsed time spent in this place.
 B = Non-inter-level travel time spent in this place.
 C = Inter-level travel time spent in this place.
 D = Time resting spent in this place.
 E = Time spent auto-exploring this place.
 F = Levels seen in this place.
 G = Mean time per level.
                   A        B        C        D        E       F      G
               +--------+--------+--------+--------+--------+-----+--------+
         Total |  15150 |  14755 |    395 |   2969 |   8289 |  15 | 1010.0 |
       Dungeon |  14935 |  14540 |    395 |   2969 |   8123 |  14 | 1066.8 |
        Temple |    214 |    214 |      0 |      0 |    166 |   1 |  214.0 |
               +--------+--------+--------+--------+--------+-----+--------+

Top non-repeatable levels by time:
     D:4: 1643 daAuts
    D:11: 1625 daAuts
    D:12: 1460 daAuts
     D:6: 1406 daAuts
     D:1: 1338 daAuts
     D:9: 1156 daAuts
     D:5: 1120 daAuts
     D:8: 984 daAuts
     D:3: 894 daAuts
     D:7: 881 daAuts
     D:2: 826 daAuts
    D:10: 772 daAuts
    D:13: 767 daAuts
  Temple: 214 daAuts
    D:14: 56 daAuts
